 Dungeon Crawl Stone Soup version 0.28-a0-536-g4f1c8046e5 (webtiles) character file.

Game seed: 6940202367948023328

14830 Ijustatesigmund the Basher (level 12, -11/76 HPs)
             Began as a Gargoyle Fighter on Sept 27, 2021.
             Was an Elder of Okawaru.
             Mangled by a cane toad (16 damage)
             ... on level 2 of the Lair of Beasts.
             The game lasted 00:27:02 (16078 turns).

Ijustatesigmund the Basher (Gargoyle Fighter)      Turns: 16078, Time: 00:27:03

Health: -11/76     AC: 28    Str: 19    XL:     12   Next: 20%
Magic:  20/20      EV: 15    Int: 12    God:    Okawaru [****..]
Gold:   298        SH: 12    Dex: 18    Spells: 11/11 levels left

rFire   . . .      SeeInvis .   a - +7 flail (freeze)
rCold   . . .      Faith    .   c - +0 kite shield
rNeg    + . .      Spirit   .   b - +0 chain mail
rPois   ∞          Reflect  .   A - +0 helmet
rElec   +          Harm     .   (no cloak)
rCorr   .          Rampage  .   l - +1 pair of gloves
Will    .....                   r - +2 pair of boots {Stlth+}
Stlth   +.........              (no amulet)
HPRegen 0.22/turn               q - +4 ring of evasion
MPRegen 0.17/turn               v - +6 ring of dexterity

@: mighty, heroic
A: sickness immunity, AC +8, negative energy resistance 1, electricity
resistance, torment resistance 1, petrification resistance, talons 1
a: Renounce Religion, Heroism, Finesse


You were on level 2 of the Lair of Beasts.
You worshipped Okawaru.
Okawaru was greatly pleased with you.
You visited 3 branches of the dungeon, and saw 15 of its levels.

You collected 615 gold pieces.
You spent 317 gold pieces at shops.

Inventory:

Hand Weapons
 a - a +7 flail of freezing (weapon)
 B - a +2 flail of protection
Missiles
 m - 4 throwing nets (quivered)
Armour
 b - a +0 chain mail (worn)
 c - a +0 kite shield (worn)
 l - a +1 pair of gloves (worn)
 r - a +2 pair of boots of stealth (worn)
 A - a +0 helmet (worn)
Jewellery
 j - a ring of ice
 q - a +4 ring of evasion (left hand)
 u - a ring of willpower
 v - a +6 ring of dexterity (right hand)
 y - a ring of fire
 C - a ring of positive energy
 E - a ring of magical power
Wands
 d - a wand of iceblast (18)
 e - a wand of polymorph (5)
 i - a wand of paralysis (7)
 s - a wand of flame (46)
Scrolls
 f - 6 scrolls of identify
 h - 2 scrolls of amnesia
 n - 4 scrolls of teleportation
 o - 3 scrolls of blinking
 w - 2 scrolls of fog
 x - 2 scrolls of magic mapping
Potions
 g - a potion of attraction
 k - 2 potions of resistance
 p - 4 potions of lignification
 t - 4 potions of flight
 z - 4 potions of brilliance
 D - 2 potions of curing
 F - a potion of might
 G - a potion of heal wounds


   Skills:
 + Level 9.3(14.3) Fighting
 - Level 12.3(17.3) Maces & Flails
 - Level 6.9(11.9) Armour
 + Level 2.5(7.5) Dodging
 - Level 6.1(11.1) Shields
 + Level 11.0 Invocations
 - Level 1.9 Evocations


You had 11 spell levels left.
You didn't know any spells.
Your spell library contained the following spells:

 Spells                   Type           Power      Damage    Failure   Level
 Magic Dart               Conj           0%         1d3       98%         1
 Corpse Rot               Necr/Air       N/A        N/A       99%         2
 Poisonous Vapours        Pois/Air       0%         N/A       99%         2
 Dazzling Flash           Conj/Hex       0%         N/A       100%        3
 Frozen Ramparts          Ice            0%         1d2       100%        3
 Hailstorm                Conj/Ice       0%         3d3       100%        4
 Ice Form                 Ice/Tmut       0%         N/A       100%        4
 Iskenderun's Mystic Bla  Conj/Tloc      0%         2d3       100%        4
 Passage of Golubria      Tloc           N/A        N/A       100%        4
 Blade Hands              Tmut           0%         N/A       100%        5
 Irradiate                Conj/Tmut      0%         3d14      100%        5
 Silence                  Hex/Air        0%         N/A       100%        5
 Yara's Violent Unravell  Hex/Tmut       0%         3d3       100%        5
 Starburst                Conj/Fire      0%         6d3       100%        6
 Lehudib's Crystal Spear  Conj/Erth      0%         10d2      100%        8
 Summon Ice Beast         Ice/Summ       Unusable   N/A       N/A         4

Dungeon Overview and Level Annotations

Branches:
Dungeon (12/15)            Temple (1/1) D:5            Lair (2/6) D:8
    Orc (0/2) D:9
  Swamp: Lair:2-4    Shoals: Lair:2-4     Snake: Lair:2-4    Spider: Lair:2-4

Altars:
Ashenzari
Cheibriados
Dithmenos
Elyvilon
Fedhas
Gozag
Hepliaklqana
Kikubaaqudgha
Makhleb
Nemelex Xobeh
Okawaru
Qazlal
Ru
Sif Muna
Trog
Uskayaw
Vehumet
Wu Jian
Xom
Yredelemnul
Zin
The Shining One
Lugonu

Shops:
D:2 =   D:4 ?   D:6 [

Annotations:
D:8 2 transporters


Innate Abilities, Weirdness & Mutations

You are immune to sickness and miasma.
Your stone body is resilient. (AC +8)
You are immune to poison.
You resist negative energy. (rN+)
You are resistant to electric shocks. (rElec)
You are resistant to unholy torment.
You are immune to petrification.
You have sharp toenails.


Message History

The cane toad barely misses you.
You closely miss the cane toad.
The cane toad is moderately wounded.
You hit the cane toad but do no damage.
The cane toad is moderately wounded.
The cane toad is no longer moving slowly.
You block the cane toad's attack. The komodo dragon bites you!!
You feel very mighty all of a sudden. You block the cane toad's attack.
You block Gastronok's attack. You block the komodo dragon's attack.
You sock Gastronok! You freeze Gastronok.
Gastronok is lightly wounded.
The cane toad stings you but does no damage.
You completely miss Gastronok.
Gastronok is lightly wounded.
You block the komodo dragon's attack. The cane toad completely misses you.
You bludgeon Gastronok!! You freeze Gastronok.
Gastronok is moderately wounded.
You block the cane toad's attack. You block the komodo dragon's attack.
Gastronok waves his eye-stalks in wide circles.
The air twists around and strikes you!
You bludgeon Gastronok!! You freeze Gastronok.
Gastronok is heavily wounded.
The cane toad stings you. The komodo dragon bites you.
You bludgeon Gastronok!! You freeze Gastronok.
Gastronok is severely wounded.
The cane toad stings you but does no damage.
You bludgeon Gastronok!! You freeze Gastronok!
Gastronok is almost dead.
The komodo dragon bites you.
* * * LOW HITPOINT WARNING * * *
Gastronok waves his eye-stalks in wide circles.
The air twists around and strikes you!
* * * LOW HITPOINT WARNING * * *
You block the cane toad's attack.
You sock Gastronok! You freeze Gastronok.
You kill Gastronok!
Okawaru is honoured by your kill. The komodo dragon misses you.
The cane toad stings you!
You die...

#............
#............
............
...........
###...........
###.#...........
......[Fl......#
.......@.......##..
..................#
###..............#
##P##..........# ##
#..........#
##.........#
#......#..#
###.....## #.....P#


You could see a komodo dragon and a cane toad.

Vanquished Creatures
  Gastronok (Lair:2)
  Harold (D:10)
  2 centaur warriors (D:11)
  A two-headed ogre (D:10)
  2 cyclopes (D:11)
  3 black mambas (Lair:2)
  A gargoyle (D:8)
  4 cane toads (Lair:1)
  2 komodo dragons (Lair:1)
  3 trolls
  A shadow (D:11)
  11 yaks
  A wyvern (D:8)
  A golden eye (shapeshifter) (D:9)
  2 steam dragons
  An acid dragon (D:10)
  9 water moccasins
  3 orc warriors
  A sky beast (D:6)
  2 ice beasts
  2 black bears
  3 necrophages
  8 wolves
  7 centaurs
  A phantom (D:6)
  2 kobold brigands
  4 bullfrogs
  A gnoll sergeant (D:10)
  2 scorpions
  13 killer bees
  3 howler monkeys
  3 electric eels (D:8)
  2 centaur zombies
  2 jellies (D:6)
  7 hounds
  7 orc priests
  Jessica (D:2)
  A bullfrog skeleton (D:3)
  2 iguanas (D:4)
  11 orc wizards
  A howler monkey zombie (D:5)
  8 gnolls
  7 adders
  A howler monkey skeleton (D:7)
  2 shadow imps
  A white imp (D:8)
  2 worms
  2 dart slugs
  39 orcs
  7 endoplasms
  10 giant cockroaches
  8 goblins
  6 hobgoblins
  6 jackals
  3 quokkas
  9 ball pythons
  9 bats
  2 frilled lizards
  13 kobolds
  7 rats
277 creatures vanquished.

Vanquished Creatures (collateral kills)
  A gnoll (D:3)
1 creature vanquished.

Vanquished Creatures (others)
  A fungus (Lair:1)
  5 plants
6 creatures vanquished.

Grand Total: 284 creatures vanquished

Notes
Turn   | Place    | Note
-------+----------+-------------------------------------------
     0 | D:1      | Ijustatesigmund the Gargoyle Fighter began the quest for
                  | the Orb.
     0 | D:1      | Reached XP level 1. HP: 14/14 MP: 1/1
   426 | D:1      | Reached XP level 2. HP: 19/19 MP: 2/2
  1004 | D:1      | Reached XP level 3. HP: 24/24 MP: 3/3
  1132 | D:1      | Reached skill level 3 in Maces & Flails
  1538 | D:2      | Noticed Jessica
  1551 | D:2      | Killed Jessica
  1552 | D:2      | Reached XP level 4. HP: 25/29 MP: 4/4
  1623 | D:2      | Found Jugherat's Jewellery Emporium.
  2210 | D:2      | Reached skill level 4 in Maces & Flails
  2584 | D:3      | Found a shadowy altar of Dithmenos.
  2621 | D:3      | Reached XP level 5. HP: 32/33 MP: 5/5
  3059 | D:3      | Reached skill level 5 in Maces & Flails
  3228 | D:3      | Found a radiant altar of Vehumet.
  3414 | D:3      | Found a burning altar of Makhleb.
  3548 | D:4      | Found Oteappie's Magic Scroll Shoppe.
  3581 | D:4      | Bought a scroll of identify for 20 gold pieces
  3581 | D:4      | Bought a scroll of identify for 20 gold pieces
  3581 | D:4      | Bought a scroll of teleportation for 30 gold pieces
  3581 | D:4      | Bought a scroll of blinking for 75 gold pieces
  3716 | D:4      | Identified the +1 hunting sling of Contention {freeze,
                  | Str+2 Stlth+}
  3833 | D:4      | Noticed a necrophage
  3841 | D:4      | Killed a necrophage
  3842 | D:4      | Reached XP level 6. HP: 39/39 MP: 6/6
  3999 | D:4      | Reached skill level 6 in Maces & Flails
  4449 | D:5      | Entered Level 5 of the Dungeon
  4670 | D:4      | Reached XP level 7. HP: 43/44 MP: 7/7
  5117 | D:4      | Reached skill level 5 in Fighting
  5400 | D:5      | Reached skill level 7 in Maces & Flails
  5502 | D:5      | Found a staircase to the Ecumenical Temple.
  5741 | D:5      | Found a large runed translucent door.
  5791 | Temple   | Entered the Ecumenical Temple
  5934 | D:5      | Found a large runed translucent door.
  5980 | D:5      | HP: 2/44 [ice beast (12)]
  5984 | D:5      | Reached skill level 5 in Armour
  5984 | D:5      | Reached XP level 8. HP: 27/49 MP: 8/8
  6257 | D:5      | Found a sacrificial altar of Ru.
  6849 | D:5      | Reached skill level 8 in Maces & Flails
  6948 | D:5      | Found an opulent altar of Gozag.
  6956 | D:5      | Found a shimmering blue altar of Sif Muna.
  7487 | D:6      | Reached XP level 9. HP: 48/55 MP: 9/9
  7598 | D:6      | Found Zereror's Antique Armour Shop.
  7782 | D:6      | Bought a pair of embroidered boots for 172 gold pieces
  8210 | D:6      | Reached skill level 9 in Maces & Flails
  8831 | D:7      | Gained mutation: You sometimes lose the ability to read
                  | scrolls when taking damage. [potion of mutation]
  8831 | D:7      | Gained mutation: You expend magic power (3 MP) to
                  | strengthen your wands. [potion of mutation]
  9319 | D:8      | Reached skill level 10 in Maces & Flails
  9320 | D:8      | Noticed a gargoyle
  9328 | D:8      | Killed a gargoyle
  9329 | D:8      | Reached skill level 1 in Dodging
  9584 | D:8      | Noticed a purple ugly thing
  9585 | D:8      | Noticed a white ugly thing
  9586 | D:8      | Found a corrupted altar of Lugonu.
  9589 | D:8      | Noticed a cyan ugly thing
  9667 | D:8      | Noticed a troll
  9685 | D:8      | Killed a troll
  9704 | D:8      | Reached XP level 10. HP: 63/63 MP: 2/10
  9786 | D:8      | Reached skill level 11 in Maces & Flails
  9881 | D:8      | Found a staircase to the Lair.
  9990 | D:8      | Found a transporter.
  9991 | D:8      | Found a transporter.
 10056 | D:8      | Reached skill level 5 in Shields
 10056 | D:8      | Reached skill level 1 in Evocations
 10707 | D:9      | Found a staircase to the Orcish Mines.
 11152 | D:9      | Found a white marble altar of Elyvilon.
 11347 | D:10     | Entered Level 10 of the Dungeon
 11374 | D:10     | Noticed a two-headed ogre
 11378 | D:10     | Killed a two-headed ogre
 11624 | D:11     | Noticed a centaur warrior
 11633 | D:11     | Found a flagged portal.
 11645 | D:11     | Reached skill level 12 in Maces & Flails
 12418 | D:9      | Reached XP level 11. HP: 59/69 MP: 11/11
 12669 | D:10     | Found an iron altar of Okawaru.
 12703 | D:10     | Became a worshipper of Warmaster Okawaru
 12741 | D:10     | Got the Almanac of Combat Magic
 12757 | D:10     | Noticed Harold
 12774 | D:10     | Killed Harold
 13035 | D:10     | Reached skill level 5 in Invocations
 13040 | D:10     | Reached * piety under Okawaru
 13486 | D:10     | Identified the +6 falchion "Nainuc" {freeze, rC+}
 13662 | D:11     | Killed a centaur warrior
 13947 | D:11     | Lost mutation: You expend magic power (3 MP) to strengthen
                  | your wands. [potion of mutation]
 13947 | D:11     | Lost mutation: You sometimes lose the ability to read
                  | scrolls when taking damage. [potion of mutation]
 13947 | D:11     | Gained mutation: You have sharp toenails. [potion of
                  | mutation]
 13976 | D:11     | Noticed a cyclops
 13987 | D:11     | Killed a cyclops
 13987 | D:11     | Reached ** piety under Okawaru
 14189 | D:11     | Noticed a cyclops
 14198 | D:11     | Killed a cyclops
 14208 | D:11     | Noticed a centaur warrior
 14372 | D:11     | Killed a centaur warrior
 14756 | D:12     | Noticed a death knight
 14996 | Lair:1   | Entered Level 1 of the Lair of Beasts
 15030 | Lair:1   | Reached *** piety under Okawaru
 15190 | Lair:1   | Reached skill level 10 in Invocations
 15473 | Lair:1   | Reached XP level 12. HP: 75/75 MP: 19/19
 15528 | Lair:1   | Reached **** piety under Okawaru
 15562 | Lair:1   | Got the Compendium of Transmutation
 15916 | Lair:2   | Received a gift from Okawaru
 16058 | Lair:2   | Noticed Gastronok
 16078 | Lair:2   | Killed Gastronok
 16078 | Lair:2   | Mangled by a cane toad

Illustrated notes

Levels and vault maps discovered:
D:1:      dpeg_arrival_solitude, layout_basic
D:2:      layout_basic, serial_shops, nicolae_shop_stone,
          minmay_worlds_worst_comb, uniq_jessica
D:3:      layout_loops_ring, lightli_temple_of_fire, nicolae_vehumet_radiance,
          marbit_many_paths
D:4:      layout_basic, serial_shops, nicolae_shop_waterfront,
          minmay_crystal_room, hangedman_decor_lopped, minmay_checkerbox
D:5:      layout_loops_cross, nicolae_ru_awakened_eye, jmf_multi_god_temple2,
          minmay_temple_entry_overgrown, grunt_decor_clamped, st_stairs_1
D:6:      layout_loops_corners, serial_shops, nicolae_shop_statue_plus,
          minmay_statues_item
D:7:      layout_gridville
D:8:      gammafunk_corrupted_shrine, layout_gridville, erik_lair_island,
          eino_small_chamber_without_monster
D:9:      layout_irregular_city, nicolae_overflow_hidden_temple, orc_0_dummy,
          serial_column_ruins, column_ruins_grid_1,
          column_ruins_columns_straight, column_ruins_grid_1,
          column_ruins_columns_straight
D:10:     layout_irregular_city, mainiacjoe_overflow_alcove_1, uniq_harold
D:11:     layout_long_grid, enter_bailey_3
D:12:     layout_basic, zin_purify
Temple:   zaba_magenta_temple
Lair:1:   layout_long_grid, st_stairs_4, grunt_megastairs_5
Lair:2:   layout_hall_layers, lemuel_fruit_tree, uniq_fannar, uniq_gastronok

Skill      XL: |  1  2  3  4  5  6  7  8  9 10 11 12 |
---------------+-------------------------------------+-----
Maces & Flails | 3 4 5 6 7 8 10 12 | 12.3
Fighting       | 4 5 6 7 8 9 |  9.3
Armour         | 5 6 |  6.9
Shields        | 4 6 |  6.1
Dodging        | 1 2 |  2.5
Evocations     | 1 |  1.9
Invocations    | 10 11 | 11.0

Action                   |  1- 3 |  4- 6 |  7- 9 | 10-12 || total
-------------------------+-------+-------+-------+-------++-------
Melee: Flail             |   100 |   217 |   373 |   441 ||  1131
Invok: Heroism           |       |       |       |     1 ||     1
Evoke: Wand              |       |       |     6 |    14 ||    20
  Use: Scroll            |       |    12 |    12 |    10 ||    34
       Potion            |       |     1 |     5 |     9 ||    15
 Stab: Paralysed         |       |       |     2 |     3 ||     5
Armor: Scale mail        |    72 |   110 |    44 |       ||   226
       Chain mail        |       |       |   194 |   312 ||   506
Dodge: Dodged            |    54 |   109 |   136 |   285 ||   584
Block: Buckler           |    18 |    47 |    80 |    82 ||   227
       Kite shield       |       |       |       |   168 ||   168

Table legend: (Time is in decaauts)
 A = Elapsed time spent in this place.
 B = Non-inter-level travel time spent in this place.
 C = Inter-level travel time spent in this place.
 D = Time resting spent in this place.
 E = Time spent auto-exploring this place.
 F = Levels seen in this place.
 G = Mean time per level.
                   A        B        C        D        E       F      G
               +--------+--------+--------+--------+--------+-----+--------+
         Total |  16034 |  15455 |    579 |   3732 |   9173 |  15 | 1068.9 |
       Dungeon |  14885 |  14367 |    518 |   3527 |   8470 |  12 | 1240.4 |
        Temple |     73 |     54 |     19 |      0 |     50 |   1 |   73.0 |
          Lair |   1074 |   1033 |     41 |    205 |    653 |   2 |  537.0 |
               +--------+--------+--------+--------+--------+-----+--------+

Top non-repeatable levels by time:
     D:5: 1661 daAuts
     D:4: 1624 daAuts
    D:10: 1603 daAuts
     D:9: 1522 daAuts
     D:6: 1352 daAuts
     D:1: 1285 daAuts
    D:11: 1226 daAuts
     D:2: 1210 daAuts
     D:8: 1177 daAuts
     D:3: 1168 daAuts
     D:7: 964 daAuts
  Lair:1: 910 daAuts
  Lair:2: 164 daAuts
    D:12: 87 daAuts
  Temple: 73 daAuts
